 Dungeon Crawl Stone Soup version 0.29-a0-972-g43c84944fd (webtiles) character file.

Game seed: 17891800368061758597

21 2tc the Cudgeller (level 2, 19/19 HPs)
             Began as a Gargoyle Monk on July 30, 2022.
             Was a Believer of Kikubaaqudgha.
             Quit the game on level 2 of the Dungeon on July 31, 2022.
             The game lasted 00:17:17 (1009 turns).

2tc the Cudgeller (Gargoyle Monk)                   Turns: 1009, Time: 00:17:19

Health: 19/19      AC:  4    Str: 14    XL:     2   Next: 87%
Magic:  2/2        EV: 12    Int: 10    God:    Kikubaaqudgha [**....]
Gold:   65         SH:  0    Dex: 12    Spells: 1/1 levels left

rFire   . . .      SeeInvis .   a - +0 mace (drain)
rCold   . . .      Faith    .   (no shield)
rNeg    + . .      Spirit   .   b - +0 robe
rPois   ∞          Reflect  .   (no helmet)
rElec   +          Harm     .   (no cloak)
rCorr   .          Rampage  .   (no gloves)
Will    .....                   (no boots)
Stlth   ++........              (no amulet)
HPRegen 0.06/turn               (no ring)
MPRegen 0.08/turn               (no ring)

@: no status effects
A: sickness immunity, AC +2, negative energy resistance 1, electricity
resistance, torment resistance 1, petrification resistance
a: Renounce Religion, Unearth Wretches


You were on level 2 of the Dungeon.
You worshipped Kikubaaqudgha.
Kikubaaqudgha was pleased with you.
You visited 1 branch of the dungeon, and saw 2 of its levels.

You collected 65 gold pieces.

Inventory:

Hand Weapons
 a - a +0 mace of draining (weapon)
Armour
 b - a +0 robe (worn)
Potions
 c - a potion of ambrosia
 d - a potion of brilliance {unknown}
 e - a potion of curing {unknown}
 f - a potion of degeneration {unknown}
 g - 2 potions of heal wounds {unknown}


   Skills:
 - Level 3.2 Fighting
 + Level 4.0 Maces & Flails
 - Level 2.4 Dodging
 - Level 2.1 Stealth


You had one spell level left.
You didn't know any spells.
Your spell library contained the following spells:

 Spells                   Type           Power      Damage    Failure   Level
 Necrotise                Necr           0%         1d4       36%         1
 Sandblast                Erth           0%         2d4       36%         1
 Summon Small Mammal      Summ           0%         N/A       36%         1
 Passwall                 Tmut/Erth      0%         N/A       50%         2
 Stone Arrow              Conj/Erth      0%         3d7       75%         3
 Vampiric Draining        Necr           0%         2d6       75%         3
 Anguish                  Hex/Necr       0%         N/A       98%         4
 Animate Dead             Necr           0%         N/A       98%         4
 Borgnjor's Vile Clutch   Necr/Erth      0%         N/A       100%        5
 Death Channel            Necr           0%         N/A       100%        6


Dungeon Overview and Level Annotations

Branches:
Dungeon (2/15)

Altars:
Kikubaaqudgha


Innate Abilities, Weirdness & Mutations

You are immune to sickness and miasma.
Your stone body is resilient. (AC +2)
You are immune to poison.
You resist negative energy. (rN+)
You are resistant to electric shocks. (rElec)
You are resistant to unholy torment.
You are immune to petrification.


Message History

Unknown command.
Unknown command.
Unknown command.
Unknown command.
Unknown command.
Unknown command.
Unknown command.
A giant cockroach comes into view.
The giant cockroach barely misses you.
You hit the giant cockroach but do no damage.
The giant cockroach barely misses you.
You closely miss the giant cockroach. The giant cockroach closely misses you.
You closely miss the giant cockroach.
The giant cockroach bites you but does no damage. x2
You hit the giant cockroach.
You kill the giant cockroach!
Kikubaaqudgha accepts your kill.
Your Maces & Flails skill increases to level 4!
You now have 58 gold pieces (gained 9).
A goblin comes into view. It is wielding a +0 club.
The goblin shouts!
The goblin moves out of view.
Saving game... please wait.
Welcome back, 2tc the Gargoyle Monk.
Kikubaaqudgha says: Spread unending torment and darkness!
Press ? for a list of commands and other information.
You barely miss the goblin. The goblin closely misses you.
You barely miss the goblin. The goblin hits you with a +0 club.
You closely miss the goblin. The goblin hits you but does no damage.
You sock the goblin!
You kill the goblin!
Kikubaaqudgha accepts your kill.
HP restored.
You see here a +0 club.
You pick up a book of Unlife and begin reading...
You add the spells Borgnjor's Vile Clutch and Death Channel to your library.
You now have 65 gold pieces (gained 7).
An endoplasm comes into view.
Okay, then.
Are you sure you want to abandon this character and quit the game? (Confirm with "yes".)

##.##.#.#
#.####...#.#.#
........)..#.#
#.####...###.# #. ##.##
#.# #. #.# #.# #. #.#
#.# .#####.#####.####.#
.......@.....##...#
######.########.#.# #.
##...## ### #.
##.###.## ... J.
#..#.#..## #.# ##
#.#.♣.#..# #.#
#..#.#...# #^#
##.###.#.# #
#.##############......#


You could see an endoplasm (asleep).

Vanquished Creatures
  A dart slug (D:1)
  A ball python (D:1)
  2 bats (D:1)
  An endoplasm (D:1)
  A giant cockroach (D:2)
  2 hobgoblins (D:1)
  3 kobolds (D:1)
  4 frilled lizards
  2 goblins
  A rat (D:1)
18 creatures vanquished.

Vanquished Creatures (others)
  5 toadstools (D:1)
5 creatures vanquished.

Grand Total: 23 creatures vanquished

Notes
Turn   | Place    | Note
-------+----------+-------------------------------------------
     0 | D:1      | 2tc the Gargoyle Monk began the quest for the Orb.
     0 | D:1      | Reached XP level 1. HP: 14/14 MP: 1/1
   179 | D:1      | Reached XP level 2. HP: 19/19 MP: 2/2
   385 | D:1      | Found a faded altar of an unknown god.
   473 | D:1      | Got Plato's Spellbook of Creation
   474 | D:1      | Prayed at the altar of an unknown god.
   474 | D:1      | Became a worshipper of Kikubaaqudgha
   474 | D:1      | Reached * piety under Kikubaaqudgha
   474 | D:1      | Received a gift from Kikubaaqudgha
   474 | D:1      | Reached ** piety under Kikubaaqudgha
   939 | D:2      | Upgraded the game from 0.29-a0-961-gfab03dca74 to
                  | 0.29-a0-972-g43c84944fd
   960 | D:2      | Reached skill level 4 in Maces & Flails
  1009 | D:2      | Quit the game

Illustrated notes

Levels and vault maps discovered:
D:1:      ldierk_walled_garden, layout_basic,
          shapermc_ecumenical_altar_rom_forum
D:2:      kb_forest_paths, layout_loops_ring, grunt_decor_one_mirror

Skill      XL: |  1  2 |
---------------+-------+-----
Maces & Flails | 4 |  4.0
Fighting       | |  3.2
Dodging        | |  2.4
Stealth        | |  2.1

Action                   || total
-------------------------++-------
Melee: Mace              ||    53
       Punch             ||     1
  Use: Scroll            ||     2
 Stab: Sleeping          ||     3
Armor: Robe              ||    25
Dodge: Dodged            ||    37

Table legend: (Time is in decaauts)
 A = Elapsed time spent in this place.
 B = Non-inter-level travel time spent in this place.
 C = Inter-level travel time spent in this place.
 D = Time resting spent in this place.
 E = Time spent auto-exploring this place.
 F = Levels seen in this place.
 G = Mean time per level.
                   A        B        C        D        E       F      G
               +--------+--------+--------+--------+--------+-----+--------+
         Total |   1023 |   1006 |     17 |      0 |    851 |   2 |  511.5 |
       Dungeon |   1023 |   1006 |     17 |      0 |    851 |   2 |  511.5 |
               +--------+--------+--------+--------+--------+-----+--------+

Top non-repeatable levels by time:
     D:1: 946 daAuts
     D:2: 77 daAuts
